 Dungeon Crawl Stone Soup version 0.30-a0-165-g1891117ce2 (webtiles) character file.

Game seed: 12943927193802362053

143840 IdlyInterested the Eclecticist (level 16, -3/130 (139) HPs)
             Began as a Demonspawn Gladiator on Sept 28, 2022.
             Was the Champion of Jiyva.
             Killed from afar by a blizzard demon (5 damage)
             ... with a bolt of lightning
             ... summoned by a deep elf demonologist
             ... on level 2 of the Elven Halls.
             The game lasted 01:39:39 (23865 turns).

IdlyInterested the Eclecticist (DsGl)              Turns: 23865, Time: 01:39:40

HP:   -3/130 (139)  AC: 26    Str: 14    XL:     16   Next: 83%
MP:   0/35          EV: 22    Int:  8    God:    Jiyva [******]
Gold: 206           SH: 12    Dex: 23    Spells: 45/45 levels left

rFire   + . .      SeeInvis +    F - +11 falchion "Urits" {vorpal, rElec rPois rF+}
rCold   + . .      Faith    .    M - +1 kite shield {reflect}
rNeg    . . .      Spirit   +    I - +3 swamp dragon scales
rPois   +          Reflect  +    (helmet unavailable)
rElec   +          Harm     .    N - +2 cloak
rCorr   +          Rampage  .    n - +2 pair of gloves
Will    +....                    U - +0 pair of boots
Stlth   ++++......               (no amulet)
HPRegen 1.91/turn                f - +4 ring of protection
MPRegen 0.98/turn                k - +4 ring of evasion

@: drained
A: antennae 3, icy blue scales 2, ignite blood 2, robust 1, magic shield, magic
regeneration, magic link, cold resistance 1, dopey 1, gelatinous body 3,
pseudopods 3, jelly sensing items, engulf
a: Renounce Religion, Oozemancy, Slimify


You were on level 2 of the Elven Halls.
You worshipped Jiyva.
Jiyva was exalted by your worship.
You visited 5 branches of the dungeon, and saw 24 of its levels.
You also visited: Bailey.

You collected 1801 gold pieces.
You spent 1595 gold pieces at shops.

Inventory:

Hand Weapons
 F - the +11 falchion "Urits" (weapon) {vorpal, rElec rPois rF+}
   (You found it on level 6 of the Dungeon)

   It inflicts extra damage upon your enemies.
   rF:        It protects you from fire.
   rElec:     It insulates you from electricity.
   rPois:     It protects you from poison.
 G - a +2 vampiric demon blade
 H - a +6 scimitar of flaming
Missiles
 d - 4 throwing nets (quivered)
 e - 8 javelins
 h - 20 boomerangs
 E - 5 datura-tipped darts
 J - 7 curare-tipped darts
Armour
 n - a +2 pair of gloves (worn)
 I - +3 swamp dragon scales (worn)
 M - a +1 kite shield of reflection (worn)
 N - a +2 cloak (worn)
 P - a +2 leather armour of fire resistance
 U - a +0 pair of boots (worn)
Jewellery
 c - a ring of poison resistance
 f - a +4 ring of protection (left hand)
 k - a +4 ring of evasion (right hand)
 m - a ring of positive energy
 p - a ring of willpower
 q - a ring of fire
 z - a ring of ice
 C - a ring of protection from fire
 L - the ring "Xeschuahu" {Fire Int+2 Dex-2 SInv}
   (You found it on level 7 of the Dungeon)

   [ring of fire]

   It enhances your fire magic.
   Int:       It affects your intelligence (+2).
   Dex:       It affects your dexterity (-2).
   rF:        It protects you from fire.
   rC:        It makes you vulnerable to cold.
   SInv:      It lets you see invisible.
 R - a ring of flight
 S - the ring of Zenousk {rN+ Will+ Stlth+}
   (You bought it in a shop on level 2 of the Orcish Mines)

   [ring of willpower]

   rN:        It protects you from negative energy.
   Will:      It increases your willpower.
   Stlth:     It makes you more stealthy.
Wands
 i - a wand of charming (15)
 x - a wand of polymorph (17)
 A - a wand of roots (19)
 D - a wand of flame (27)
 K - a wand of acid (15)
 T - a wand of mindburst (8)
Scrolls
 a - 4 scrolls of vulnerability
 l - 12 scrolls of teleportation
 o - 3 scrolls of poison
 w - 8 scrolls of fear
 y - 8 scrolls of identify
 Q - 2 scrolls of amnesia
 V - 2 scrolls of summoning
 W - a scroll of magic mapping
 X - 3 scrolls of blinking
 Y - 3 scrolls of butterflies
 Z - a scroll of torment
Potions
 b - 8 potions of resistance
 g - 3 potions of attraction
 j - 4 potions of heal wounds
 r - 2 potions of brilliance
 s - 4 potions of invisibility
 t - 6 potions of ambrosia
 u - 6 potions of curing
 v - 3 potions of haste
 B - a potion of magic
 O - 4 potions of cancellation


   Skills:
 - Level 12.0 Fighting
 - Level 14.0 Long Blades
 - Level 6.0 Throwing
 - Level 6.0 Armour
 - Level 9.0 Dodging
 - Level 9.0 Stealth
 + Level 3.7 Shields
 + Level 15.1 Spellcasting
 - Level 6.0 Evocations


You had 45 spell levels left.
You didn't know any spells.
Your spell library contained the following spells:

 Spells                   Type           Power      Damage    Failure   Level
 Magic Dart               Conj           24%        1d4       47%         1
 Necrotise                Necr           24%        1d5       47%         1
 Blink                    Tloc           12%        N/A       63%         2
 Momentum Strike          Conj/Tloc      12%        3d8       63%         2
 Searing Ray              Conj           12%        2d4       63%         2
 Dazzling Flash           Conj/Hex       12%        N/A       85%         3
 Hailstorm                Conj/Ice       6%         3d4       85%         3
 Kindle Blastsparks       Fire/Tloc/Air  12%        2d11      85%         3
 Lesser Beckoning         Tloc           6%         N/A       85%         3
 Portal Projectile        Hex/Tloc       12%        N/A       85%         3
 Summon Guardian Golem    Hex/Summ       6%         N/A       85%         3
 Tukima's Dance           Hex            6%         N/A       85%         3
 Vampiric Draining        Necr           6%         2d6       85%         3
 Fulminant Prism          Conj/Hex       3%         3d6       99%         4
 Iskenderun's Mystic Bla  Conj/Tloc      6%         2d4       99%         4
 Passage of Golubria      Tloc           6%         N/A       99%         4
 Agony                    Necr           6%         N/A       100%        5
 Arcjolt                  Conj/Air       3%         1d13      100%        5
 Blade Hands              Tmut           3%         N/A       100%        5
 Lee's Rapid Deconstruct  Erth           3%         3d6*      100%        5
 Summon Forest            Summ/Tloc      3%         N/A       100%        5
 Summon Mana Viper        Hex/Summ       6%         N/A       100%        5
 Yara's Violent Unravell  Hex/Tmut       3%         3d4       100%        5
 Starburst                Conj/Fire      3%         6d3       100%        6
 Summon Cactus Giant      Summ           3%         N/A       100%        6
 Orb of Destruction       Conj           3%         9d5       100%        7
 Spellforged Servitor     Conj/Summ      3%         N/A       100%        7


Dungeon Overview and Level Annotations

Branches:
Dungeon (14/15)            Temple (1/1) D:5            Lair (5/5) D:9
  Swamp (0/4) Lair:3        Snake (0/4) Lair:3        Slime (0/5) Lair:4
    Orc (2/2) D:12            Elf (2/3) Orc:2        Vaults (0/5) D:14
 Bailey (visited)

Altars:
Ashenzari
Cheibriados
Dithmenos
Fedhas
Gozag
Hepliaklqana
Kikubaaqudgha
Makhleb
Nemelex Xobeh
Okawaru
Qazlal
Ru
Sif Muna
Trog
Uskayaw
Vehumet
Wu Jian
Xom
Yredelemnul
Jiyva

Shops:
D:4 (   D:5 :   D:12 ?   D:14 *   Orc:2 [(*==   Elf:2 [

Portals:
Trove: D:11 (give 6 scrolls of butterflies)

Annotations:
Elf:2 3 runed doors


Innate Abilities, Weirdness & Mutations

You have a pair of large antennae on your head. (SInv)
You are mostly covered in icy blue scales. (AC +3)
Your demonic aura often causes spilled blood to erupt in flames.
You are robust. (+10% HP)
When hurt, damage is shared between your health and your magic reserves.
You regenerate magic rapidly.
When low on magic, you restore magic in place of health.
Your flesh is cold resistant. (rC+)
You are dopey. (Int -2)
Your gelatinous body deflects attacks. (AC +3, EV +3)
Armour fits poorly on your massive pseudopods.
You have a small jelly attached to you that senses nearby items.
Your melee attacks may engulf your foes in ooze.


Message History

The +1 vorpal scimitar is engulfed in blazing flames.
The ghostly deep elf blademaster is engulfed in blazing flames.
The ghostly deep elf blademaster hits you with a +0 rapier!
* * * LOW HITPOINT WARNING * * *
The ghostly deep elf blademaster closely misses you.
The +4 mace of protection is engulfed in blazing flames.
You block the +4 mace of protection's attack.
The cacodemon misses you. You block the cacodemon's attack.
The deep elf demonologist gestures wildly while chanting.
Unknown command.
Unknown command.
You closely miss the ghostly deep elf blademaster.
You bludgeon the ghostly deep elf blademaster.
The ghostly deep elf blademaster is heavily damaged.
The fire elemental disappears in a puff of smoke!
The +4 mace of protection hits you but does no damage.
The ghostly deep elf blademaster is engulfed in blazing flames.
The ghostly deep elf blademaster hits you but does no damage.
The ghostly deep elf blademaster completely misses you.
The smoke demon gestures at you. Something smites you!
* * * LOW HITPOINT WARNING * * *
You block the cacodemon's attack. The cacodemon barely misses you.
Unknown command.
You hit the ghostly deep elf blademaster.
Your bludgeon misses the ghostly deep elf blademaster.
The ghostly deep elf blademaster is heavily damaged.
The ghostly deep elf blademaster is asphyxiated!
The +4 mace of protection is engulfed in blazing flames.
You block the +4 mace of protection's attack.
The ghostly deep elf blademaster is engulfed in blazing flames.
The ghostly deep elf blademaster hits you with a +0 rapier!
* * * LOW HITPOINT WARNING * * *
The ghostly deep elf blademaster completely misses you.
The blizzard demon gestures at you.
The bolt of lightning misses the +1 flail of venom.
The bolt of lightning hits the +4 mace of protection.
The +4 mace of protection completely resists.
The bolt of lightning misses you. The bolt of lightning hits you. You resist.
You die...

#.......# #....... #.......##
.. {+....... #......[' ... {
### #....... #.......## #...
...# #e...?.. #......########'
#..######...# #...##.....#'
#..##....#### #######.....e2##
#..# #∩......#
.......)....21(##..####......##
.....[)..[.EEe((@°.....+....)+
''''''''''..eeee2########...##
' ++''.44.44(. ##'...# '
++''+'''..e3e#### ##.##.##
'++ee○e'''.o4e## ##)###.#
'+'(e)e'''..2## ##.## ###
'++..|○4''..## ####.## '
+..!E'''..# ##.#'## '
+++'''+'.[####..(##


You could see a deep elf blademaster, a ghostly deep elf blademaster
(asphyxiating), a cacodemon (summoned), a lorocyproca (summoned, invisible), a
deep elf master archer, a green death (summoned), a deep elf death mage, an
Executioner (summoned, fast), a blizzard demon (summoned), 3 deep elf
demonologists, a deep elf knight (fast, invisible), an earth elemental, a rust
devil (summoned), a deep elf zephyrmancer, a smoke demon (summoned), a fire
elemental (summoned), 3 chaos spawn, an orc sorcerer, a red devil (summoned) and
4 dancing weapons.

Vanquished Creatures
  A deep elf sorcerer (Elf:2)
  An orc warlord (Bailey)
  2 deep elf annihilators (Elf:1)
  3 dire elephants (Lair:5)
  2 deep elf death magi
  2 deep elf high priests (Elf:1)
  The ghost of Warompox the Nimble, a journeyman SpEE of Gozag (D:13)
  7 hydras
  2 vault guards (D:14)
  4 centaur warriors
  3 catoblepae
  6 two-headed ogres
  12 dancing weapons
  5 boulder beetles
  7 death yaks (Lair:5)
  A tengu warrior (D:14)
  An orc high priest (Orc:2)
  11 deep elf knights
  2 spectral death yaks (Lair:5)
  Nergalle (Orc:1)
  10 skeletal warriors (D:14)
  A spectral anaconda (Lair:5)
  The ghost of sirJeffrey23 the Spear-Bearer, a novice MfMo of Xom (D:7)
  A deep troll (D:14)
  An obsidian statue (Lair:5)
  A wizard (D:14)
  18 deep elf pyromancers
  4 necromancers
  15 deep elf zephyrmancers
  5 deep elf archers
  3 orc knights
  3 cyclopes
  4 manticores
  4 ugly things
  An oklob plant (Lair:4)
  6 elephants (Lair:5)
  2 dire elephant zombies (Lair:5)
  Maurice (D:9)
  4 black mambas
  A cane toad (shapeshifter) (D:13)
  9 cane toads
  2 gargoyles
  A dire elephant skeleton (Lair:5)
  Maggie (D:6)
  A rime drake (Lair:4)
  A freezing wraith (D:14)
  2 kobold demonologists (D:12)
  7 komodo dragons
  A komodo dragon (shapeshifter) (D:14)
  An unseen horror (D:13)
  A tengu conjurer (D:14)
  A polar bear (Lair:4)
  A troll (Orc:1)
  Prince Ribbit (D:6)
  15 blink frogs
  7 dream sheep (Lair:5)
  Sigmund (D:6)
  2 wraiths
  4 water elementals
  2 air elementals
  3 wyverns
  A vampire (D:10)
  34 yaks
  Eustachio (D:6)
  4 basilisks
  A death yak simulacrum (Lair:5)
  8 humans (D:14)
  11 vampire mosquitoes
  A spectral cane toad (Lair:5)
  Menkaure (D:6)
  4 acid dragons
  A warg (Orc:2)
  A naga (Lair:3)
  19 water moccasins
  4 ice beasts
  41 orc warriors
  3 sky beasts
  2 black bears
  An elephant zombie (Lair:5)
  3 wolves (Lair:3)
  6 ogres
  A phantom (D:7)
  An elephant skeleton (Lair:5)
  21 centaurs
  Blork the orc (D:5)
  6 kobold brigands
  10 bullfrogs
  A gnoll sergeant (D:4)
  4 scorpions
  3 earth elementals
  16 wights
  19 killer bees
  3 electric eels
  6 howler monkeys
  A wyvern simulacrum (D:7)
  2 jellies
  12 orc priests
  2 gnoll boudas (D:4)
  5 hounds
  Ijyb (D:3)
  16 orc wizards
  5 hell rats (Lair:4)
  8 iguanas
  Robin (D:2)
  32 gnolls
  6 adders
  A shadow imp (D:7)
  5 white imps
  A howler monkey simulacrum (D:7)
  3 worms
  A dart slug (D:4)
  71 orcs
  5 endoplasms
  5 giant cockroaches
  30 goblins
  14 hobgoblins
  16 jackals
  4 quokkas
  5 ball pythons
  8 bats
  3 frilled lizards
  27 kobolds
  9 rats (D:2)
762 creatures vanquished.

Vanquished Creatures (others)
  A two-headed ogre (D:12)
  A deep elf knight (Elf:1)
  2 wizards (D:14)
  A deep elf pyromancer (Elf:1)
  7 slime creatures
  3 dream sheep (Lair:5)
  A fire elemental (Elf:1)
  12 humans (D:14)
  2 orc warriors
  A centaur (Orc:2)
  A bullfrog (Lair:4)
  53 jellies
  A howler monkey (D:11)
  2 electric eels (Lair:4)
  An orc wizard (Orc:2)
  7 orcs
  A goblin (Bailey)
  A hobgoblin (Bailey)
  46 fungi
  88 plants
  13 withered plants (Lair:5)
245 creatures vanquished.

Grand Total: 1007 creatures vanquished

Notes
Turn   | Place    | Note
-------+----------+-------------------------------------------
     0 | D:1      | IdlyInterested the Demonspawn Gladiator began the quest for
                  | the Orb.
     0 | D:1      | Reached XP level 1. HP: 16/16 MP: 1/1
   283 | D:1      | Gained mutation: You have a pair of small antennae on your
                  | head. [demonic ancestry]
   283 | D:1      | Reached XP level 2. HP: 23/23 MP: 2/2
   832 | D:2      | Noticed Robin
   845 | D:2      | Gained mutation: You regenerate magic rapidly. [demonic
                  | ancestry]
   845 | D:2      | Reached XP level 3. HP: 8/28 MP: 3/3
   857 | D:2      | Killed Robin
  1168 | D:2      | Found a faded altar of an unknown god.
  1364 | D:2      | Reached XP level 4. HP: 30/35 MP: 4/4
  1492 | D:2      | Reached skill level 1 in Stealth
  2153 | D:3      | Reached skill level 1 in Spellcasting
  2161 | D:3      | Gained mutation: You are partially covered in icy blue
                  | scales. (AC +2) [demonic ancestry]
  2161 | D:3      | Reached XP level 5. HP: 22/41 MP: 6/6
  2548 | D:3      | Found a faded altar of an unknown god.
  2552 | D:3      | Found a hide-covered altar of Uskayaw.
  2760 | D:3      | Noticed Ijyb
  2768 | D:3      | Killed Ijyb
  2769 | D:3      | Reached skill level 2 in Spellcasting
  2980 | D:4      | Noticed a black bear
  2989 | D:4      | Killed a black bear
  2990 | D:4      | Gained mutation: When hurt, damage is shared between your
                  | health and your magic reserves. [demonic ancestry]
  2990 | D:4      | Reached XP level 6. HP: 47/47 MP: 8/10
  3056 | D:4      | Found a hazy altar of Hepliaklqana.
  3060 | D:4      | Found a sacrificial altar of Ru.
  3060 | D:4      | Found a shadowy altar of Dithmenos.
  3067 | D:4      | Reached skill level 3 in Spellcasting
  3067 | D:4      | Reached skill level 1 in Evocations
  3103 | D:4      | Found Riekeolu's Weapon Shop.
  3106 | D:4      | Bought 5 poisoned darts for 24 gold pieces
  3934 | D:4      | Gained mutation: Your demonic aura sometimes causes spilled
                  | blood to erupt in flames. [demonic ancestry]
  3934 | D:4      | Reached XP level 7. HP: 43/53 MP: 9/11
  4322 | D:4      | Reached skill level 5 in Fighting
  4430 | D:5      | Entered Level 5 of the Dungeon
  4530 | D:5      | Gained mutation: When low on magic, you restore magic in
                  | place of health. [demonic ancestry]
  4530 | D:5      | Reached XP level 8. HP: 39/63 MP: 8/12
  4700 | D:5      | Found a staircase to the Ecumenical Temple.
  4719 | Temple   | Entered the Ecumenical Temple
  4975 | D:5      | You fall into a shaft and drop 1 floor!
  4976 | D:6      | Found a radiant altar of Vehumet.
  4990 | D:6      | Reached skill level 5 in Long Blades
  5016 | D:6      | Identified the +11 falchion "Urits" {vorpal, rElec rPois
                  | rF+}
  5215 | D:5      | Found Ramod's Book Shop.
  5291 | D:5      | Noticed Blork the orc
  5299 | D:5      | Killed Blork the orc
  5382 | D:5      | Reached skill level 4 in Spellcasting
  5972 | D:6      | Noticed Sigmund
  5974 | D:6      | Killed Sigmund
  5975 | D:6      | Noticed Eustachio
  5984 | D:6      | Killed Eustachio
  5999 | D:6      | Reached skill level 5 in Spellcasting
  5999 | D:6      | Gained mutation: You have a pair of antennae on your head.
                  | [demonic ancestry]
  5999 | D:6      | Reached XP level 9. HP: 57/69 MP: 13/16
  6005 | D:6      | Noticed Menkaure
  6014 | D:6      | Killed Menkaure
  6151 | D:6      | Noticed Prince Ribbit
  6164 | D:6      | Killed Prince Ribbit
  6189 | D:6      | Found an opulent altar of Gozag.
  6217 | D:6      | Reached skill level 6 in Spellcasting
  6394 | D:6      | Noticed Maggie
  6402 | D:6      | Killed Maggie
  6773 | D:7      | Found a runed translucent gate.
  6773 | D:7      | Found a runed translucent gate.
  6773 | D:7      | Found a runed translucent gate.
  6849 | D:7      | Reached skill level 5 in Dodging
  7274 | D:7      | Gained mutation: You are mostly covered in icy blue scales.
                  | (AC +3) [demonic ancestry]
  7274 | D:7      | Reached XP level 10. HP: 76/76 MP: 19/19
  7525 | D:7      | Noticed sirJeffrey23's ghost (novice MfMo)
  7631 | D:7      | Killed sirJeffrey23's ghost
  7676 | D:7      | Got the ring "Xeschuahu" {Fire Int+2 Dex-2 SInv}
  7854 | D:8      | Found a stormy altar of Qazlal.
  8271 | D:8      | Noticed a boulder beetle
  8293 | D:8      | Killed a boulder beetle
  8294 | D:8      | Reached skill level 10 in Long Blades
  8595 | D:8      | Reached skill level 5 in Stealth
  8966 | D:9      | Found a staircase to the Lair.
  9106 | D:9      | Gained mutation: You have a pair of large antennae on your
                  | head. (SInv) [demonic ancestry]
  9106 | D:9      | Reached XP level 11. HP: 81/81 MP: 20/20
  9137 | D:9      | Noticed Maurice
  9142 | D:9      | Killed Maurice
  9178 | D:9      | Noticed a two-headed ogre
  9188 | D:9      | Killed a two-headed ogre
  9743 | Lair:1   | Entered Level 1 of the Lair of Beasts
 11082 | Lair:2   | Noticed a seven-headed hydra
 11093 | Lair:2   | Killed a one-headed hydra
 11805 | Lair:3   | Found a staircase to the Snake Pit.
 12038 | Lair:3   | Found a staircase to the Swamp.
 12161 | Lair:3   | Noticed a catoblepas
 12168 | Lair:3   | Noticed a four-headed hydra
 12179 | Lair:3   | Killed a one-headed hydra
 12188 | Lair:3   | Killed a catoblepas
 12189 | Lair:3   | Reached XP level 12. HP: 59/95 MP: 11/22
 12442 | Lair:3   | Reached skill level 7 in Spellcasting
 13229 | Lair:4   | Reached skill level 8 in Spellcasting
 13313 | Lair:4   | Found a staircase to the Slime Pits.
 13314 | Lair:4   | Found a viscous altar of Jiyva.
 13322 | Lair:4   | Became a worshipper of Jiyva Jagg the Shapeless
 13648 | Lair:4   | Noticed a catoblepas
 13663 | Lair:4   | Killed a catoblepas
 13848 | Lair:4   | Got the Reference Book on the Lethal Zephyr
 14170 | Lair:4   | Identified the +1 short sword of Fyin {spect, Int+3}
 14190 | Lair:4   | Reached * piety under Jiyva
 14205 | Lair:4   | Noticed a six-headed hydra
 14212 | Lair:4   | Killed a two-headed hydra
 14453 | Lair:4   | Reached skill level 9 in Spellcasting
 14816 | Lair:5   | Entered Level 5 of the Lair of Beasts
 14853 | Lair:5   | Noticed a five-headed hydra
 14867 | Lair:5   | Killed a one-headed hydra
 14981 | Lair:5   | Reached XP level 13. HP: 101/101 MP: 26/26
 15154 | Lair:5   | Reached ** piety under Jiyva
 15530 | Lair:5   | Reached skill level 10 in Spellcasting
 15837 | Lair:5   | Noticed a dire elephant
 15837 | Lair:5   | Noticed a dire elephant
 15838 | Lair:5   | Noticed a dire elephant
 16211 | Lair:5   | Killed a dire elephant
 16212 | Lair:5   | Reached skill level 11 in Spellcasting
 16267 | Lair:5   | Killed a dire elephant
 16285 | Lair:5   | Killed a dire elephant
 16303 | Lair:5   | Identified the +1 scimitar of Past Mistakes {vorpal, Int+8}
 16796 | D:10     | Entered Level 10 of the Dungeon
 16961 | D:10     | Found a broken altar of Ashenzari.
 16976 | D:10     | Found a basalt altar of Yredelemnul.
 17033 | D:10     | Gained mutation: Your demonic aura often causes spilled
                  | blood to erupt in flames. [demonic ancestry]
 17033 | D:10     | Reached XP level 14. HP: 108/108 MP: 29/29
 17162 | D:10     | Found a flagged portal.
 17171 | Bailey   | Entered a bailey
 17176 | Bailey   | Reached *** piety under Jiyva
 17197 | Bailey   | Gained mutation: Your flesh is cold resistant. (rC+)
                  | [Jiyva's grace]
 17197 | Bailey   | Gained mutation: Your flesh is very cold resistant. (rC++)
                  | [Jiyva's grace]
 17197 | Bailey   | Gained mutation: Your flesh is almost immune to the effects
                  | of cold. (rC+++) [Jiyva's grace]
 17197 | Bailey   | Gained mutation: You have a small jelly attached to you
                  | that senses nearby items. [Jiyva's grace]
 17311 | Bailey   | Noticed an orc warlord
 17326 | Bailey   | Killed an orc warlord
 17341 | Bailey   | Found the +8 demon trident "Rift" {distort, reach+}
 17470 | Bailey   | Reached skill level 5 in Armour
 17470 | Bailey   | Gained mutation: You are robust. (+10% HP) [demonic
                  | ancestry]
 17470 | Bailey   | Reached XP level 15. HP: 108/124 MP: 30/30
 17769 | D:10     | Found the -2 hat of the Alchemist {rElec rPois rF+ rC+ rN+
                  | Will+ rMut rCorr}
 18162 | D:11     | Found a portal to a secret trove of treasure.
 18769 | D:12     | Found Soxatu's Magic Scroll Shop.
 18811 | D:12     | Bought a scroll of butterflies for 60 gold pieces
 18845 | D:12     | Found a staircase to the Orcish Mines.
 18878 | D:12     | Reached **** piety under Jiyva
 18962 | D:12     | Reached skill level 12 in Spellcasting
 19438 | Orc:1    | Entered Level 1 of the Orcish Mines
 19438 | Orc:1    | Noticed Nergalle
 19454 | Orc:1    | Killed Nergalle
 19599 | Orc:2    | Entered Level 2 of the Orcish Mines
 19602 | Orc:2    | Found a staircase to the Elven Halls.
 19716 | Orc:2    | Found Quiteij's Armour Emporium.
 19887 | Orc:2    | Reached skill level 5 in Evocations
 19887 | Orc:2    | Lost mutation: Your flesh is almost immune to the effects
                  | of cold. (rC+++) [Jiyva's grace]
 19887 | Orc:2    | Lost mutation: You have a small jelly attached to you that
                  | senses nearby items. [Jiyva's grace]
 19887 | Orc:2    | Gained mutation: You have a small jelly attached to you
                  | that senses nearby items. [Jiyva's grace]
 19887 | Orc:2    | Gained mutation: Armour fits poorly on your pseudopods.
                  | [Jiyva's grace]
 19887 | Orc:2    | Gained mutation: Armour fits poorly on your large
                  | pseudopods. [Jiyva's grace]
 19887 | Orc:2    | Gained mutation: Armour fits poorly on your massive
                  | pseudopods. [Jiyva's grace]
 20087 | Orc:1    | Reached ***** piety under Jiyva
 20249 | Orc:2    | Found Hipnea's Jewellery Emporium.
 20249 | Orc:2    | Found Cuziha's Assorted Antiques.
 20251 | Orc:2    | Found Jimiz's Antique Weapon Shop.
 20253 | Orc:2    | Found Ekkom's Jewellery Shoppe.
 20553 | Orc:2    | Bought the ring of Zenousk {rN+ Will+ Stlth+} for 507 gold
                  | pieces
 20563 | Orc:2    | Bought a wand of acid (4) for 504 gold pieces
 20563 | Orc:2    | Bought a wand of polymorph (5) for 210 gold pieces
 20566 | Orc:2    | Bought a ring of flight for 227 gold pieces
 20858 | D:13     | Noticed Warompox's ghost (journeyman SpEE)
 20858 | D:13     | Found a runed translucent door.
 20886 | D:13     | Killed Warompox's ghost
 21029 | D:13     | Found a runed translucent door.
 21034 | D:13     | Found a hide-covered altar of Uskayaw.
 21217 | D:13     | Reached skill level 13 in Spellcasting
 21555 | D:14     | Found Zeifeb's Assorted Antiques.
 21563 | D:14     | Bought 2 fizzy blue potions for 63 gold pieces
 21649 | D:14     | Reached skill level 5 in Throwing
 21679 | D:14     | Found a gate to the Vaults.
 21905 | D:14     | Lost mutation: Your flesh is very cold resistant. (rC++)
                  | [Jiyva's grace]
 21905 | D:14     | Gained mutation: Your melee attacks may engulf your foes in
                  | ooze. [Jiyva's grace]
 21905 | D:14     | Gained mutation: Your rubbery body absorbs attacks. (AC +1,
                  | EV +1) [Jiyva's grace]
 21905 | D:14     | Gained mutation: Your pliable body absorbs attacks. (AC +2,
                  | EV +2) [Jiyva's grace]
 21905 | D:14     | Gained mutation: Your gelatinous body deflects attacks. (AC
                  | +3, EV +3) [Jiyva's grace]
 22199 | D:14     | Reached XP level 16. HP: 132/132 MP: 33/33
 22274 | D:14     | Found a blossoming altar of Fedhas.
 22536 | Elf:1    | Entered Level 1 of the Elven Halls
 22580 | Elf:1    | Reached skill level 14 in Spellcasting
 22630 | Elf:1    | Reached skill level 10 in Fighting
 23088 | Elf:1    | Reached ****** piety under Jiyva
 23605 | Elf:2    | Found a huge runed gate.
 23605 | Elf:2    | Found a huge runed gate.
 23605 | Elf:2    | Found a huge runed gate.
 23605 | Elf:2    | Found a huge runed gate.
 23605 | Elf:2    | Found a huge runed gate.
 23605 | Elf:2    | Found a huge runed gate.
 23605 | Elf:2    | Found a huge runed gate.
 23605 | Elf:2    | Found a huge runed gate.
 23605 | Elf:2    | Found a huge runed gate.
 23612 | Elf:2    | Reached skill level 1 in Shields
 23620 | Elf:2    | Found a huge runed gate.
 23631 | Elf:2    | Found a huge runed gate.
 23634 | Elf:2    | Found a huge runed gate.
 23634 | Elf:2    | Found a huge runed gate.
 23646 | Elf:2    | Found a huge runed gate.
 23647 | Elf:2    | Found a huge runed gate.
 23664 | Elf:2    | Found a huge runed gate.
 23665 | Elf:2    | Found a huge runed gate.
 23666 | Elf:2    | Found a huge runed gate.
 23678 | Elf:2    | Found a huge runed gate.
 23678 | Elf:2    | Found a huge runed gate.
 23678 | Elf:2    | Found a huge runed gate.
 23678 | Elf:2    | Found a huge runed gate.
 23678 | Elf:2    | Found a huge runed gate.
 23678 | Elf:2    | Found a huge runed gate.
 23678 | Elf:2    | Found a huge runed gate.
 23679 | Elf:2    | Found a huge runed gate.
 23680 | Elf:2    | Found a huge runed gate.
 23701 | Elf:2    | Found a huge runed gate.
 23701 | Elf:2    | Found a huge runed gate.
 23701 | Elf:2    | Found a huge runed gate.
 23701 | Elf:2    | Found a huge runed gate.
 23701 | Elf:2    | Found a huge runed gate.
 23701 | Elf:2    | Found a huge runed gate.
 23701 | Elf:2    | Found a huge runed gate.
 23704 | Elf:2    | Found a huge runed gate.
 23705 | Elf:2    | Found a huge runed gate.
 23718 | Elf:2    | Reached skill level 15 in Spellcasting
 23748 | Elf:2    | Found a runed translucent gate.
 23761 | Elf:2    | Found a runed translucent gate.
 23761 | Elf:2    | Found a runed translucent gate.
 23791 | Elf:2    | Found Fywk's Antique Armour Emporium.
 23839 | Elf:2    | Noticed a deep elf master archer
 23839 | Elf:2    | Noticed a deep elf blademaster
 23840 | Elf:2    | Noticed a deep elf blademaster
 23854 | Elf:2    | Noticed an Executioner
 23862 | Elf:2    | Killed a deep elf blademaster
 23862 | Elf:2    | Gained mutation: You are dopey. (Int -2) [a cacodemon]
 23864 | Elf:2    | HP: 5/130 [smoke demon/divine providence[an orc sorcerer]
                  | (5)]
 23865 | Elf:2    | HP: 2/130 [ghostly deep elf blademaster/+0 rapier (3)]
 23865 | Elf:2    | Killed from afar by a blizzard demon

Illustrated notes

Levels and vault maps discovered:
D:1:      ebering_hopf_link, layout_basic, nicolae_kite_square_tiling_tiny
D:2:      minmay_razor_zed, layout_rooms,
          dreamdust_ecumenical_altar_angels_and_demons, dk_noncrumbling_2,
          grunt_ministairs_10, uniq_robin
D:3:      layout_basic, nicolae_overflow_ecumenical_swirl, uniq_ijyb
D:4:      lemuel_castle_with_subvaults [lemuel_castle_interior_carwin_2],
          layout_basic, chequers_temple_overflow_statue_of_worship,
          serial_shops, nicolae_shop_behind_doors
D:5:      layout_basic, minmay_temple_entry_gardened_gates, serial_shops,
          nicolae_shop_behind_doors, uniq_blork_the_orc
D:6:      layout_cave_pools, amcnicky_altar_gilded,
          mainiacjoe_overflow_concentric_impassable, uniq_menkaure,
          uniq_eustachio, uniq_maggie, uniq_prince_ribbit1, uniq_sigmund
D:7:      layout_loops_ring, overflow_temple_1_default, gammafunk_ghost_icy
D:8:      layout_loops_cross, grunt_qazlal_clouds
D:9:      layout_roguey, lair_entry_dummy, uniq_maurice
D:10:     layout_loops_ring, mainiacjoe_overflow_catwalk_spiral, enter_bailey_2,
          chequers_arboretum, hive_lemuel
D:11:     layout_basic, nicolae_trove_entry_isolated
D:12:     layout_basic, orc_0_dummy, serial_shops, nicolae_shop_statue_plus
D:13:     layout_cross, serial_glass, glass_columns_b, glass_columns_c,
          glass_columns_a, glass_columns_a, glass_columns_a, glass_columns_a,
          glass_columns_c, glass_columns_b, item_on_display_a,
          item_on_display_a, feat_on_display, minmay_strange_pillars,
          hellmonk_ghost_happy_afterlife, nicolae_danse_macabre
D:14:     layout_roguey, grunt_vaults_entry_tiered, fedhas_altar_fruit_tree,
          serial_shops, shop, minmay_quadrilaterals
Temple:   hc_temple_tempest_star
Lair:1:   layout_cave_pods
Lair:2:   layout_regular_city, grunt_megastairs_1
Lair:3:   layout_cave_pods, minmay_swamp_entry_reptiles,
          guppyfry_snake_entry_island, serial_bayou_shore_a, lemuel_fruit_fields
Lair:4:   layout_layer_cave, slime_entry_1, serial_bayou_lake_a,
          grunt_megastairs_4
Lair:5:   due_jungle_book, layout_long_grid, infiniplex_staircase_pool
Orc:1:    layout_diamond_mine, uniq_nergalle
Orc:2:    st_orc_rangers, layout_caves, basic_altar, serial_shops, shop,
          rock_pile
Elf:1:    elf_arrival_001, layout_gridlike, hangedman_elf_represent
Elf:2:    nicolae_elf_blades_crystal_corner, layout_geoelf_octagon, basic_altar,
          serial_shops, shop, door_vault, uniq_zenata

Skill      XL: |  1  2  3  4  5  6  7  8  9 10 11 12 13 14 15 16 |
---------------+-------------------------------------------------+-----
Dodging        | 3 5 6 8 9 |  9.0
Throwing       | 2 3 6 |  6.0
Fighting       | 3 5 6 9 12 | 12.0
Long Blades    | 3 4 6 8 10 12 14 | 14.0
Stealth        | 1 3 6 7 9 |  9.0
Spellcasting   | 1 2 3 5 6 9 11 13 15 | 15.1
Evocations     | 2 3 6 |  6.0
Armour         | 5 6 |  6.0
Shields        | 3 |  3.7

Action                   |  1- 3 |  4- 6 |  7- 9 | 10-12 | 13-15 | 16-18 || total
-------------------------+-------+-------+-------+-------+-------+-------++-------
Melee: Long sword        |    92 |       |       |       |       |       ||    92
       Club              |    15 |   138 |   117 |       |       |       ||   270
       Punch             |       |       |     4 |     6 |    21 |       ||    31
       Falchion          |       |       |   138 |   552 |  1081 |   301 ||  2072
       Scimitar          |       |       |       |    21 |    14 |       ||    35
       Pseudopods        |       |       |       |       |   110 |    79 ||   189
Throw: Dart              |       |       |    15 |    42 |    18 |     7 ||    82
       Boomerang         |       |       |     1 |     1 |     2 |       ||     4
Evoke: Wand              |       |       |       |     1 |       |     1 ||     2
  Use: Scroll            |     4 |    10 |     4 |     6 |    11 |     1 ||    36
       Potion            |     3 |     1 |       |     1 |     7 |       ||    12
 Stab: Distracted        |       |     1 |     2 |       |     1 |     3 ||     7
       Sleeping          |       |     1 |     1 |     9 |    13 |     4 ||    28
       Petrified         |       |       |       |     1 |       |       ||     1
Armor: Leather armour    |    24 |       |       |       |       |       ||    24
       Chain mail        |    22 |    23 |       |       |       |       ||    45
       Skin              |    35 |     3 |       |       |       |       ||    38
       Scale mail        |       |    36 |    55 |       |       |       ||    91
       Swamp dragon scal |       |       |    35 |   149 |   334 |    99 ||   617
Dodge: Dodged            |    84 |    74 |   179 |   339 |   953 |   169 ||  1798
Block: Kite shield       |       |       |       |       |       |   150 ||   150
       Reflection        |       |       |       |       |       |    15 ||    15

Table legend: (Time is in decaauts)
 A = Elapsed time spent in this place.
 B = Non-inter-level travel time spent in this place.
 C = Inter-level travel time spent in this place.
 D = Time resting spent in this place.
 E = Time spent auto-exploring this place.
 F = Levels seen in this place.
 G = Mean time per level.
                   A        B        C        D        E       F      G
               +--------+--------+--------+--------+--------+-----+--------+
         Total |  23399 |  20296 |   3103 |   1315 |  12450 |  25 |  936.0 |
       Dungeon |  13942 |  11869 |   2073 |    981 |   7036 |  14 |  995.9 |
        Temple |    180 |    163 |     17 |      0 |    111 |   1 |  180.0 |
          Lair |   6475 |   5730 |    745 |    334 |   4118 |   5 | 1295.0 |
  Orcish Mines |   1193 |   1002 |    191 |      0 |    528 |   2 |  596.5 |
   Elven Halls |   1285 |   1209 |     76 |      0 |    618 |   2 |  642.5 |
        Bailey |    324 |    324 |      0 |      0 |     39 |   1 |  324.0 |
               +--------+--------+--------+--------+--------+-----+--------+

Top non-repeatable levels by time:
  Lair:3: 1630 daAuts
     D:4: 1601 daAuts
  Lair:4: 1464 daAuts
     D:5: 1417 daAuts
  Lair:5: 1400 daAuts
     D:7: 1191 daAuts
     D:2: 1165 daAuts
  Lair:1: 1146 daAuts
     D:3: 1054 daAuts
   Elf:1: 1024 daAuts
     D:8: 988 daAuts
     D:9: 969 daAuts
    D:14: 963 daAuts
     D:6: 908 daAuts
    D:10: 901 daAuts
